 Dungeon Crawl Stone Soup version 0.31-a0-234-gad7ace16ef (webtiles) character file.

Game seed: 13339278691067536400

156 qw the Shooter (level 5, 0/30 HPs)
             Began as a Gargoyle Hexslinger on July 9, 2023.
             Slain by an orc
             ... wielding a +0 war axe of electrocution
              (6 damage)
             ... on level 3 of the Dungeon.
             The game lasted 00:01:06 (1718 turns).

qw the Shooter (Gargoyle Hexslinger)                Turns: 1718, Time: 00:01:06

Health: 0/30       AC:  6    Str: 11    XL:     5   Next: 37%
Magic:  6/6        EV: 12    Int: 14    God:
Gold:   78         SH:  0    Dex: 14    Spells: 5/6 levels left

rFire   . . .        Y - +1 sling
rCold   . . .        (no shield)
rNeg    + . .        c - +0 robe
rPois   inf          (no helmet)
rElec   +            b - scarf {repulsion}
rCorr   .            (no gloves)
SInv    .            (no boots)
Will    .....        (no amulet)
Stlth   +            (no ring)
HPRegen 0.25/turn    (no ring)
MPRegen 0.10/turn

%: repel missiles
@: no status effects
A: sickness immunity, AC +4, negative energy resistance 1, electricity
resistance, torment resistance 1, petrification resistance
a: no special abilities


You were on level 3 of the Dungeon.
You visited 1 branch of the dungeon, and saw 3 of its levels.

You collected 78 gold pieces.


Innate Abilities, Weirdness & Mutations

You are immune to sickness and miasma.
Your stone body is resilient. (AC +4)
You are immune to poison.
You resist negative energy. (rN+)
You are resistant to electric shocks. (rElec)
You are resistant to unholy torment.
You are immune to petrification.


   Skills:
 + Level 2.0 Fighting
 - Level 5.1 Ranged Weapons
 - Level 1.5 Dodging
 - Level 1.0 Spellcasting
 - Level 2.6 Hexes


You had 5 spell levels left.
You knew the following spells:

 Your Spells              Type           Power      Damage    Failure   Level
a - Slow                  Hex            32%        N/A       9%          1

Your spell library contained the following spells:

 Spells                   Type           Power      Damage    Failure   Level
 Inner Flame              Hex/Fire       4%         N/A       41%         3
 Portal Projectile        Hex/Tloc       8%         N/A       41%         3
 Cause Fear               Hex            4%         N/A       65%         4

Inventory:

Hand Weapons
 Y - a +1 sling (weapon)
Armour
 b - a scarf of repulsion (worn)
 c - a +0 robe (worn)
Scrolls
 d - a scroll of amnesia {unknown}
 f - a scroll of identify
Potions
 a - a potion of degeneration {unknown}
 e - a potion of invisibility {unknown}
 g - a potion of curing

Dungeon Overview and Level Annotations

Branches:
Dungeon (3/15)

Altars:
Fedhas


Message History

The orc completely misses you.
The orc priest looks encouraged for a moment.
The orc priest calls down the wrath of Beogh upon you.
Pain shoots through your body! The orc hits you but does no damage.
You shoot a sling bullet. The sling bullet hits the orc priest.
The orc priest is moderately wounded.
The orc priest barely misses you.
The orc hits you with a +0 war axe of electrocution.
You shoot a sling bullet. The sling bullet hits the orc priest.
The orc priest is heavily wounded.
The orc barely misses you. The orc priest closely misses you.
You shoot a sling bullet. The sling bullet hits the orc priest.
The orc priest is almost dead.
The orc barely misses you.
The orc priest mumbles some strange prayers to Beogh against you.
Pain shoots through your body!
You shoot a sling bullet.
The sling bullet closely misses the orc priest.
The orc hits you with a +0 war axe of electrocution!
The orc priest barely misses you.
You shoot a sling bullet.
The sling bullet hits the orc priest but does no damage.
The orc priest is almost dead.
The orc misses you.
The orc priest hits you with a +0 dagger.
You shoot a sling bullet. The sling bullet hits the orc priest.
You kill the orc priest!
The orc barely misses you. The orc hits you but does no damage.
Your Ranged Weapons skill increases to level 5!
You shoot a sling bullet.
The sling bullet closely misses the orc.
The orc hits you but does no damage.
You shoot a sling bullet. The sling bullet hits the orc.
The orc is heavily wounded.
The orc misses you.
You shoot a sling bullet.
The sling bullet hits the orc but does no damage.
The orc is heavily wounded.
The orc hits you with a +0 war axe of electrocution.
You die...

#..##.....#
#..##.#...#
#.....#...#
##..#.###.#
##.#.....#
#.###..##
#.###..#
#.#)o..#
#.#@##.#
#.#.##.#
#.#.##.#
######.#.##.#
#......#.##.#
#.######.##.#
#.#####.....##
#..:.......%.#
#..####..###.###


You could see an orc.

Vanquished Creatures
  An orc priest (D:3)
  4 adders
  A worm (D:1)
  3 dart slugs
  2 orcs (D:3)
  10 ball pythons
  7 bats
  4 endoplasms
  5 giant cockroaches
  5 goblins (D:1)
  6 hobgoblins
  5 jackals (D:1)
  5 quokkas
  3 frilled lizards
  5 kobolds
  7 rats
73 creatures vanquished.

Notes
Turn   | Place    | Note
-------+----------+-------------------------------------------
     0 | D:1      | qw the Gargoyle Hexslinger began the quest for the Orb.
     0 | D:1      | Reached XP level 1. HP: 12/12 MP: 2/2
     0 | D:1      | 0 ||| qw: Version: 0.3-a-51-g015441d
     0 | D:1      | 0 ||| qw: Game counter: 4146
     0 | D:1      | 0 ||| qw: Melee chars always use a shield: true
     0 | D:1      | 0 ||| qw: God list: Okawaru
     0 | D:1      | 0 ||| qw: Allow faded altars: false
     0 | D:1      | 0 ||| qw: Do Orc after clearing Dungeon:15 true
     0 | D:1      | 0 ||| qw: Do second Lair branch before Depths: true
     0 | D:1      | 0 ||| qw: Lair rune preference: random
     0 | D:1      | 0 ||| qw: Goals: Normal
     0 | D:1      | 0 ||| PLANNING D:1-11
    58 | D:1      | Reached XP level 2. HP: 16/16 MP: 3/3
   102 | D:1      | Reached skill level 3 in Ranged Weapons
   111 | D:1      | HP: 2/16 [frozen (5)]
   247 | D:1      | Reached XP level 3. HP: 21/21 MP: 4/4
   467 | D:1      | 467 ||| DROPPING ring of wizardry.
   468 | D:1      | 468 ||| READING scroll labelled WAVE JUOPSOMP.
   469 | D:1      | 469 ||| READING scroll labelled MELOUWKUESH.
   470 | D:1      | 470 ||| READING scroll labelled KICU TYCOMIDUY.
   471 | D:1      | 471 ||| DRINKING 2 ruby potions.
   472 | D:1      | 472 ||| DROPPING scroll of poison.
   482 | D:2      | 482 ||| STAIRDANCE
   490 | D:1      | HP: 5/21 [worm (6)]
   570 | D:2      | 570 ||| STAIRDANCE
   574 | D:1      | Reached XP level 4. HP: 19/26 MP: 5/5
   621 | D:2      | Reached skill level 4 in Ranged Weapons
   834 | D:2      | Found a faded altar of an unknown god.
  1209 | D:2      | Found a blossoming altar of Fedhas.
  1425 | D:2      | 1425 ||| UPGRADING to scarf of repulsion.
  1430 | D:2      | 1430 ||| READING scroll labelled OMIT VOAMI DOE.
  1554 | D:3      | Reached XP level 5. HP: 28/30 MP: 6/6
  1659 | D:3      | 1659 ||| FLEEEEING.
  1660 | D:3      | 1660 ||| FLEEEEING.
  1661 | D:3      | 1661 ||| FLEEEEING.
  1662 | D:3      | 1662 ||| FLEEEEING.
  1663 | D:3      | 1663 ||| FLEEEEING.
  1664 | D:3      | 1664 ||| FLEEEEING.
  1667 | D:3      | 1667 ||| FLEEEEING.
  1668 | D:3      | 1668 ||| FLEEEEING.
  1671 | D:3      | 1671 ||| FLEEEEING.
  1672 | D:3      | 1672 ||| FLEEEEING.
  1673 | D:3      | 1673 ||| FLEEEEING.
  1674 | D:3      | 1674 ||| FLEEEEING.
  1675 | D:3      | 1675 ||| FLEEEEING.
  1676 | D:3      | 1676 ||| FLEEEEING.
  1677 | D:3      | 1677 ||| FLEEEEING.
  1678 | D:3      | 1678 ||| FLEEEEING.
  1679 | D:3      | 1679 ||| FLEEEEING.
  1680 | D:3      | 1680 ||| FLEEEEING.
  1681 | D:3      | 1681 ||| FLEEEEING.
  1687 | D:3      | 1687 ||| FLEEEEING.
  1713 | D:3      | HP: 5/30 [orc/+0 war axe of electrocution (7)]
  1716 | D:3      | Reached skill level 5 in Ranged Weapons
  1718 | D:3      | Slain by an orc

Levels and vault maps discovered:
D:1:      wander_arrival_estate, layout_rooms, minmay_shallow_snake_nest
D:2:      minmay_diamond_boxcup, layout_loops_corners,
          shapermc_ecumenical_altar_venn, basic_altar
D:3:      layout_loops_ring

Skill      XL: |  1  2  3  4  5 |
---------------+----------------+-----
Ranged Weapons | 3 4 5 |  5.1
Fighting       | 2 |  2.0
Dodging        | |  1.5
Spellcasting   | |  1.0
Hexes          | |  2.6

Action                     |  1- 3 |  4- 6 || total
---------------------------+-------+-------++-------
   Fire: Sling             |   139 |   143 ||   282
    Use: Scroll            |     3 |     1 ||     4
         Potion            |     1 |       ||     1
 Armour: Robe              |    31 |    37 ||    68
  Dodge: Dodged            |    50 |    57 ||   107

Table legend:
 A = Non-vault XP
 B = Vault XP
 C = Vault XP percentage of total XP
 D = Non-vault monster count
 E = Vault monster count
 F = Vault count percentage of total count
                 A         B        C        D         E       F
            +---------+---------+-------+---------+---------+-------
      Total |     193 |      30 |  13.5 |      61 |      12 |  16.4
            +---------+---------+-------+---------+---------+-------
        D:1 |      84 |       6 |   6.7 |      36 |       4 |  10.0
        D:2 |      40 |      24 |  37.5 |      16 |       8 |  33.3
        D:3 |      69 |       0 |   0.0 |       9 |       0 |   0.0
            +---------+---------+-------+---------+---------+-------
